Map: Scythe of Amon

Players

Subwaymaker

  • Race: Protoss Protoss
  • League: Gold
  • Spawn Location: 5:00

Mesrob

  • Race: Terran Terran
  • Spawn Location: 5:00

VOD

Have the link to the VOD?

Description

Time

  • Played on: Oct. 4, 2019, 11:05 p.m.
  • Length: 16:49
Show
View Real Time Build Order
Export as new Build Order

Subwaymaker Protoss 

Build Orders:  

Get SALT Encoding   

  12  0:05  Probe (Chrono Boost)  
  13  0:26  Probe (Chrono Boost)  
  14  0:39  Probe (Chrono Boost)  
  15  0:53  Probe (Chrono Boost)  
  16  1:05  Xel'Naga Passageway  
  16  1:07  Probe (Chrono Boost)  
  17  1:21  Probe (Chrono Boost)  
  18  1:32  Xel'Naga Passageway  
  18  1:35  Probe (Chrono Boost)  
  19  1:49  Probe (Chrono Boost)  
  20  2:03  Probe (Chrono Boost)  
  21  2:17  Probe (Chrono Boost)  
  21  2:18  Xel'Naga Ambusher  
  23  2:39  Xel'Naga Ambusher  
  25  3:01  Xel'Naga Ambusher  
  25  3:03  Xel'Naga Passageway  
  27  3:31  Xel'Naga Ambusher  
  29  4:01  Xel'Naga Ambusher  
  31  5:06  Xel'Naga Ambusher  
  31  5:10  Xel'Naga Ambusher  
  31  5:12  Xel'Naga Ambusher  
  37  5:47  Xel'Naga Ambusher  
  39  6:23  Xel'Naga Ambusher  
  39  6:28  Xel'Naga Ambusher  
  43  7:31  Xel'Naga Ambusher  
  43  7:39  Xel'Naga Ambusher x2  
  49  8:24  Core Forge  
  21  9:52  Xel'Naga Ambusher  
  21  9:59  Xel'Naga Shieldguard  
  23  10:00  Xel'Naga Shieldguard  
  27  10:26  Xel'Naga Ambusher  
  27  10:36  Xel'Naga Ambusher  
  27  10:37  Xel'Naga Shieldguard  
  33  10:59  Probe (Chrono Boost)  
  34  11:01  Xel'Naga Shieldguard  
  34  11:05  Ancient Nexus  
  34  11:07  Xel'Naga Passageway  
  34  11:09  Xel'Naga Passageway  
  36  11:11  Xel'Naga Passageway  
  36  11:14  Xel'Naga Shieldguard  
  36  11:16  Probe (Chrono Boost)  
  39  11:33  Probe (Chrono Boost)  
  39  11:35  Xel'Naga Shieldguard  
  40  11:41  Xel'Naga Shieldguard  
  45  11:50  Probe (Chrono Boost)  
  45  12:07  Probe (Chrono Boost)  
  46  12:18  Xel'Naga Ambusher  
  48  12:56  Xel'Naga Ambusher  
  48  12:57  Xel'Naga Ambusher  
  52  13:17  Xel'Naga Ambusher  
  48  14:01  Xel'Naga Ambusher  
  48  14:02  Xel'Naga Ambusher  
  42  14:53  Xel'Naga Ambusher x3  
  46  15:25  Xel'Naga Ambusher  
  42  15:33  Xel'Naga Ambusher  
Show
View Real Time Build Order
Export as new Build Order

Mesrob Terran 

Build Orders:  

Get SALT Encoding   

  12  0:04  SCV  
  13  0:21  SCV  
  14  0:34  Refinery, Supply Depot  
  14  0:55  SCV  
  15  1:05  Barracks  
  15  1:12  SCV  
  16  1:29  SCV  
  17  1:41  Marine, Barracks  
  17  1:46  SCV  
  19  1:54  Supply Depot  
  19  2:10  SCV  
  20  2:23  Barracks  
  20  2:27  SCV  
  21  2:31  Supply Depot  
  21  2:33  Barracks Reactor  
  21  2:44  SCV  
  22  2:53  Barracks Tech Lab  
  22  2:56  Marine  
  23  3:01  SCV  
  23  3:08  Barracks  
  24  3:34  Marine x2  
  24  3:35  Unknown  
  24  3:37  Medic  
  28  3:43  Barracks Tech Lab  
  28  3:56  Refinery  
  28  4:00  Marine  
  28  4:01  Marine x2, Supply Depot  
  31  4:14  Orbital Command  
  31  4:44  Marine x4  
  35  5:04  Marine  
  35  5:05  Marine x4  
  40  5:36  Supply Depot  
  40  5:37  Marine  
  40  5:38  Marine x4  
  45  6:24  Medic x2  
  45  6:26  Barracks Reactor, Marine  
  45  6:27  Marine  
  51  6:36  Medic  
  51  6:37  Marine  
  51  6:38  Marine  
  55  6:50  Supply Depot  
  55  6:55  Supply Depot  
  55  7:19  Marine x3  
  55  7:23  Supply Depot  
  55  7:28  Marine x3  
  61  7:32  Marine x3  
  64  7:41  Marine x3  
  64  7:44  Marine  
  68  7:59  Marine  
  69  8:00  Marine  
  69  8:01  Marine x4  
  74  8:27  Marine  
  74  8:28  Marine x3  
  77  8:39  Marine  
  77  8:40  Marine  
  79  9:12  Supply Depot  
  79  9:27  Supply Depot  
  79  9:42  Marine x6, SCV  
  86  9:54  Marine  
  86  9:59  SCV  
  88  10:08  Command Center  
  87  10:33  Marine  
  87  10:34  Marine x5  
  92  10:46  Marine x2  
  92  10:47  Marine  
  95  10:58  Supply Depot  
  95  11:12  Supply Depot  
  95  11:15  Marine  
  95  11:20  Marine  
  95  11:28  Medic x2, Marine x2, SCV  
  102  11:41  Medic x2  
  102  11:45  SCV  
  103  12:02  SCV  
  103  12:08  Marine  
  101  12:13  Marine x5  
  92  12:20  Marine  
  92  12:25  Marine  
  92  12:26  Marine x4  
  76  12:33  Marine  
  53  13:03  Orbital Command  
  49  13:57  Marine x3  
  49  13:58  Marine  
  52  14:04  Marine x2  
  52  14:09  Marine  
  53  14:10  Marine x3  
  53  14:17  Marine x2  
  59  14:22  Marine x4  
  59  14:29  Marine x2  
  63  14:34  Marine  
  63  14:35  Marine x3  
  69  14:41  Marine  
  69  14:42  Marine  
  71  15:17  Marine  
  72  15:20  Marine  
  72  15:21  Marine x4  
  77  15:30  Marine  
  77  15:33  Marine x5  
  83  15:42  Marine  
  83  15:45  Marine  
  83  15:46  Marine x4  
  81  15:55  Marine  
Tags
 
Commander
RaynorZeratul
League
Gold
Matchup
Co-op
Replay Pack
sc2 replays
Add a new tag
Caveats
  • Supply blocks, unpowered buildings, or Contaminate may cause inaccurate times.
  • Supply counts are checked every 10 seconds.